 Dungeon Crawl Stone Soup version 0.21.1-1-g345015fe64 (webtiles) character file.

13 Nordon the Firebug (level 2, -2/19 HPs)
             Began as a Demonspawn Fire Elementalist on May 11, 2018.
             Slain by a leopard gecko (3 damage)
             ... on level 1 of the Dungeon.
             The game lasted 00:01:24 (512 turns).

Nordon the Firebug (Demonspawn Fire Elementalist)    Turns: 512, Time: 00:01:25

Health: -2/19      AC:  2    Str:  8    XL:     2   Next: 24%
Magic:  0/5        EV: 12    Int: 16    God:
Gold:   20         SH:  0    Dex: 13    Spells: 4/5 levels left

rFire    . . .     SeeInvis .   (no weapon)
rCold    . . .     Gourm    .   (no shield)
rNeg     . . .     Faith    .   a - +0 robe
rPois    .         Spirit   .   (no helmet)
rElec    .         Reflect  .   (no cloak)
rCorr    .         Harm     .   (no gloves)
MR       .....                  (no boots)
Stlth    ++........             (no amulet)
HPRegen  0.06/turn              (no ring)
MPRegen  0.09/turn              (no ring)

@: no status effects
A: demonic guardian 1
a: no special abilities


You were on level 1 of the Dungeon.
You were not hungry.

You visited 1 branch of the dungeon, and saw 1 of its levels.

You collected 20 gold pieces.


Innate Abilities, Weirdness & Mutations

A weak demonic guardian rushes to your aid.


   Skills:
 - Level 1.7 Dodging
 - Level 1.7 Stealth
 + Level 2.3 Spellcasting
 + Level 1.4 Conjurations
 + Level 2.9 Fire Magic


You had 4 spell levels left.
You knew the following spells:

 Your Spells              Type           Power        Failure   Level  Hunger
z - Flame Tongue          Conj/Fire      #....        9%          1    #......

Inventory:

Armour
 a - a +0 robe (worn)
Scrolls
 d - a scroll of identify {unknown}
 f - a scroll of magic mapping {unknown}
Potions
 e - 2 potions of curing {unknown}
 g - a potion of brilliance {unknown}
Books
 b - a book of Flames

   Spells                             Type                      Level
   a - Flame Tongue                   Conjuration/Fire             1
   b - Throw Flame                    Conjuration/Fire             2
   c - Conjure Flame                  Conjuration/Fire             3
   d - Inner Flame                    Hexes/Fire                   3
   e - Sticky Flame                   Conjuration/Fire             4
   f - Fireball                       Conjuration/Fire             5
Comestibles
 c - a ration {@e1}

Dungeon Overview and Level Annotations

Branches:
Dungeon (1/15)

Altars:

..▒.▒.▒†▒..# #........#.....
.▒.▒.▒.▒...# #......#.##...#
..▒.▒.▒.▒..# #........##.#.#
.▒.▒<▒.▒..#### #.###....##.#.#
..▒.▒.▒.▒....####.# ###..##.#.##
)▒.▒.▒.▒.....##...# ##.......#
#.▒.▒.▒.▒.......### #.......#
#...#........######## ##......#
###.#........†.l@...#####......#
#..........######..(.).......#
##.........# #######...####
#.........# ####.#..####
####.#..##############....##[....
.......................#####.....
######################## #.....
#..... #.....


You could see a leopard gecko.


Message History

The leopard gecko is moderately wounded.
The leopard gecko bites you.
* * * LOW HITPOINT WARNING * * *
You hit the leopard gecko but do no damage.
The leopard gecko is moderately wounded.
The leopard gecko bites you.
* * * LOW HITPOINT WARNING * * *
The leopard gecko bites you.
* * * LOW HITPOINT WARNING * * *
The leopard gecko misses you.
Casting: Flame Tongue
Confirm with . or Enter, or press ? or * to list all spells.
Aiming: Flame Tongue
Press: ? - help, Shift-Dir - straight line, f/p - leopard gecko
Aim: a leopard gecko (moderately wounded, clinging)
The flame tongue hits the leopard gecko.
The leopard gecko is severely wounded.
The leopard gecko bites you.
* * * LOW HITPOINT WARNING * * *
The leopard gecko barely misses you.
Casting: Flame Tongue
Confirm with . or Enter, or press ? or * to list all spells.
Aiming: Flame Tongue
Press: ? - help, Shift-Dir - straight line, f/p - leopard gecko
Aim: a leopard gecko (severely wounded, clinging)
The flame tongue misses the leopard gecko.
The flame tongue hits the rat.
You kill the rat!
The leopard gecko bites you.
You die...

Action                   || total
-------------------------++-------
Melee: Unarmed           ||    13
 Cast: Flame Tongue      ||    17
Armor: Robe              ||     7
Dodge: Dodged            ||    20

Vault maps used:
D:1:      lightli_arrival_chessboard

Notes
Turn   | Place    | Note
-------+----------+-------------------------------------------
     0 | D:1      | Nordon the Demonspawn Fire Elementalist began the quest for the Orb.
     0 | D:1      | Reached XP level 1. HP: 13/13 MP: 3/3
   419 | D:1      | Gained mutation: A weak demonic guardian rushes to your aid. [demonic ancestry]
   419 | D:1      | Reached XP level 2. HP: 19/19 MP: 0/5
   509 | D:1      | HP: 1/19 [leopard gecko (1)]
   512 | D:1      | Slain by a leopard gecko

Vanquished Creatures
  A giant cockroach (D:1)
  2 goblins (D:1)
  2 hobgoblins (D:1)
  A kobold (D:1)
  3 bats (D:1)
  3 rats (D:1)
12 creatures vanquished.

Table legend:
 A = Turns spent in this place as a percentage of turns spent in the entire game.
 B = Non-inter-level travel turns spent in this place as a percentage of non-inter-level travel turns spent in the entire game.
 C = Inter-level travel turns spent in this place as a percentage of turns spent in this place.
 D = Turns resting spent in this place as a percentage of non-inter-level travel turns spent in this place.
 E = Turns spent auto-exploring this place as a percentage of non-inter-level travel turns spent in this place.
 F = Non-inter-level travel turns spent in this place divided by the number of levels of this place that you've seen.
                   A       B       C       D       E      F
               +-------+-------+-------+-------+-------+----------------------
         Total | 100.0 | 100.0 |   0.0 |  57.2 |  15.6 | 512.0
       Dungeon | 100.0 | 100.0 |   0.0 |  57.2 |  15.6 | 512.0
               +-------+-------+-------+-------+-------+----------------------

Table legend:
 A = Spawn XP
 B = Non-spawn XP
 C = Spawn XP percentage of total XP
 D = Spawn monster count
 E = Non-spawn monster count
 F = Spawn count percentage of total count
 G = Total turns spent on level
                    A         B        C        D         E        F      G
               +---------+---------+-------+---------+---------+-------+---------
         Total |       0 |      19 |   0.0 |       0 |      12 |   0.0 |   512
               +---------+---------+-------+---------+---------+-------+---------
           D:1 |       0 |      19 |   0.0 |       0 |      12 |   0.0 |   512
               +---------+---------+-------+---------+---------+-------+---------
